 Dungeon Crawl Stone Soup version 0.28.0 (webtiles) character file.

Game seed: 610562301865341942

602 spaghetti the Sneak (level 7, -4/41 HPs)
             Began as an Octopode Summoner on Feb 19, 2022.
             Was a Follower of Dithmenos.
             Splashed by a jelly's acid (5 damage)
             ... on level 6 of the Dungeon.
             The game lasted 00:08:09 (5734 turns).

spaghetti the Sneak (Octopode Summoner)             Turns: 5734, Time: 00:08:10

Health: -4/41      AC:  1    Str:  7    XL:     7   Next: 41%
Magic:  4/10       EV: 13    Int: 20    God:    Dithmenos [*.....]
Gold:   147        SH:  5    Dex: 18    Spells: 4/10 levels left

rFire   . . .      SeeInvis .   b - +1 short sword (vorpal)
rCold   . . .      Faith    .   f - +0 buckler
rNeg    + . .      Spirit   .   (helmet restricted)
rPois   .          Reflect  .   e - amulet of the acrobat
rElec   .          Harm     .   c - ring of positive energy
rCorr   .          Rampage  .   h - +6 ring of dexterity
Will    .....                   (no ring)
Stlth   ++++++....              (no ring)
HPRegen 0.13/turn               (no ring)
MPRegen 0.12/turn               (no ring)
                                (no ring)
                                (no ring)

@: wreathed by umbra
A: almost no armour, amphibious, 8 rings, camouflage 1, gelatinous body 1,
(nimble swimmer 1), tentacles
a: Renounce Religion


You were on level 6 of the Dungeon.
You worshipped Dithmenos.
Dithmenos was aware of your devotion.
You visited 1 branch of the dungeon, and saw 6 of its levels.

You collected 147 gold pieces.

Inventory:

Hand Weapons
 b - a +1 vorpal short sword (weapon)
Armour
 f - a +0 buckler (worn)
Jewellery
 c - a ring of positive energy (left tentacle)
 e - an amulet of the acrobat (around mantle)
 h - a +6 ring of dexterity (right tentacle)
 i - an amulet of reflection
Scrolls
 d - 2 scrolls of identify
Potions
 g - a potion of attraction


   Skills:
 - Level 2.0 Dodging
 + Level 7.3 Stealth
 - Level 4.0 Shields
 - Level 2.0 Spellcasting
 - Level 6.0 Summonings


You had 4 spell levels left.
You knew the following spells:

 Your Spells              Type           Power      Damage    Failure   Level
a - Summon Small Mammal   Summ           100%       N/A       1%          1
b - Call Imp              Summ           26%        N/A       2%          2
c - Call Canine Familiar  Summ           26%        N/A       4%          3

Your spell library contained the following spells:

 Spells                   Type           Power      Damage    Failure   Level
 Summon Guardian Golem    Hex/Summ       14%        N/A       17%         3
 Summon Lightning Spire   Summ/Air       14%        N/A       50%         4


Dungeon Overview and Level Annotations

Branches:
Dungeon (7/15)
 Temple: D:4-7

Altars:
Cheibriados
Dithmenos

Annotations:
D:4 1 runed translucent door


Innate Abilities, Weirdness & Mutations

You cannot wear most types of armour.
You are amphibious.
You can wear up to eight rings at the same time.
Your skin changes colour to match your surroundings (Stealth+).
Your rubbery body absorbs attacks. (AC +1, EV +1)
((You are camouflaged when in or above water. (Stealth+)))
You have tentacles for arms and can constrict up to eight enemies at once.


Message History

You hit Maggie but do no damage. You grab Maggie. You squeeze Maggie!
Maggie is moderately wounded.
You constrict Maggie. The adder barely misses you. The jelly misses you.
Your rat closely misses the adder.
Your iron imp barely misses Maggie.
Maggie barely misses you.
Maggie hits your iron imp with a +0 broad axe of flaming!
Maggie hits your hound with a +0 broad axe of flaming!
Maggie burns your hound. Something barely misses your hound.
You hit Maggie.
Maggie is heavily wounded.
You constrict Maggie, but do no damage.
Your hound bites Maggie but does no damage.
The adder bites you.
* * * LOW HITPOINT WARNING * * *
The jelly barely misses you.
Your rat closely misses the adder.
Your hound bites Maggie.
Maggie misses your hound.
Maggie hits you with a +0 broad axe of flaming.
* * * LOW HITPOINT WARNING * * *
Maggie burns you.
* * * LOW HITPOINT WARNING * * *
Maggie hits your iron imp with a +0 broad axe of flaming!
Your iron imp dies!
Your iron imp disappears in a puff of smoke!
The ice beast closely misses your hound.
The adder bites you.
* * * LOW HITPOINT WARNING * * *
Unknown command.
Okay, then.
Okay, then.
You catch the helpless Maggie completely off-guard!
You puncture Maggie! You squeeze Maggie!
Maggie is almost dead.
You constrict Maggie, but do no damage.
Your hound bites Maggie.
You are no longer entranced.
Maggie dies!
Dithmenos accepts your kill. The jelly hits you.
* * * LOW HITPOINT WARNING * * *
You are splashed with acid.
You die...

....... ..#
....... ...
....<.. ....
....§§.## .....
....Y.§.##.....
.....h.........
......)J...#
#S@# ##r# #.#
#.. ..#. #....
##. .. . ... ..
...


You could see an ice beast, a jelly, an adder (ally target), a friendly hound
(summoned) and a friendly rat (summoned).

Vanquished Creatures
  A hound (D:4)
  Terence (D:2)
  3 orc wizards
  2 adders
  An adder skeleton (D:4)
  A worm (D:3)
  A dart slug (D:1)
  4 orcs
  5 ball pythons
  5 endoplasms
  7 giant cockroaches
  A goblin (D:1)
  5 hobgoblins
  A jackal (D:2)
  A quokka (D:2)
  4 frilled lizards
  9 kobolds
  3 rats
55 creatures vanquished.

Vanquished Creatures (collateral kills)
  Maggie (D:6)
  2 orc warriors (D:7)
  A centaur (D:7)
  A hound (D:4)
  2 orc priests (D:7)
  3 dart slugs
  2 orcs (D:7)
  A bat (D:1)
  3 endoplasms
  6 giant cockroaches (D:2)
  2 goblins
  2 hobgoblins
  2 jackals (D:2)
  A frilled lizard (D:2)
29 creatures vanquished.

Grand Total: 84 creatures vanquished

Notes
Turn   | Place    | Note
-------+----------+-------------------------------------------
     0 | D:1      | spaghetti the Octopode Summoner began the quest for the
                  | Orb.
     0 | D:1      | Reached XP level 1. HP: 11/11 MP: 3/3
   243 | D:1      | Reached XP level 2. HP: 11/17 MP: 1/5
  1331 | D:1      | Reached XP level 3. HP: 21/21 MP: 6/6
  1337 | D:1      | Learned a level 2 spell: Call Imp
  1341 | D:1      | Learned a level 3 spell: Call Canine Familiar
  1429 | D:1      | Reached skill level 5 in Summonings
  1924 | D:2      | Found a faded altar of an unknown god.
  1924 | D:2      | Noticed Terence
  2004 | D:2      | Killed Terence
  2005 | D:2      | Reached skill level 1 in Shields
  2005 | D:2      | Reached XP level 4. HP: 18/27 MP: 2/7
  2111 | D:2      | Prayed at the altar of an unknown god.
  2111 | D:2      | Became a worshipper of Dithmenos the Shadowed
  2111 | D:2      | Reached * piety under Dithmenos
  2339 | D:2      | Reached skill level 3 in Stealth
  3469 | D:3      | Reached XP level 5. HP: 30/31 MP: 6/8
  3576 | D:3      | Found a snail-covered altar of Cheibriados.
  4545 | D:4      | Reached skill level 4 in Stealth
  4565 | D:4      | Found a runed translucent door.
  4899 | D:4      | Reached XP level 6. HP: 27/36 MP: 3/9
  5087 | D:4      | You fall into a shaft and drop 3 floors!
  5106 | D:7      | Noticed an orc warrior
  5116 | D:7      | Reached skill level 5 in Stealth
  5118 | D:7      | Killed an orc warrior
  5119 | D:7      | Reached skill level 6 in Stealth
  5119 | D:7      | Reached XP level 7. HP: 20/41 MP: 6/10
  5428 | D:7      | Reached skill level 7 in Stealth
  5723 | D:6      | Noticed Maggie
  5733 | D:6      | HP: 2/41 [adder (1)]
  5734 | D:6      | Killed Maggie
  5734 | D:6      | Splashed by a jelly's acid

Illustrated notes

Levels and vault maps discovered:
D:1:      kilobyte_arrival_exit_the_forest, layout_rooms,
          chequers_serial_rivers_small_3
D:2:      minmay_roachtagon, layout_loops_corners,
          hellmonk_ecumenical_altar_dog_temple, uniq_terence
D:3:      layout_basic, mainiacjoe_overflow_concentric_impassable
D:4:      layout_basic, gammafunk_ghost_grave
D:6:      layout_cave_pools, minmay_temple_entry_glass, nrook_uturn,
          serial_bayou_lagoon_b, uniq_maggie
D:7:      layout_loops_cross, uniq_joseph

Skill      XL: |  1  2  3  4  5  6  7 |
---------------+----------------------+-----
Summonings     | 5 6 |  6.0
Shields        | 1 2 3 4 |  4.0
Stealth        | 3 4 6 7 |  7.3
Dodging        | |  2.0
Spellcasting   | |  2.0

Action                   |  1- 3 |  4- 6 |  7- 9 || total
-------------------------+-------+-------+-------++-------
Melee: Unarmed           |    44 |       |       ||    44
       Constrict         |    22 |    22 |     2 ||    46
       Tentacles         |    17 |    12 |     4 ||    33
       Short sword       |    33 |    83 |    12 ||   128
       Punch             |     2 |     1 |       ||     3
 Cast: Summon Small Mamm |    19 |     5 |     2 ||    26
       Call Imp          |     4 |     4 |     3 ||    11
       Call Canine Famil |     2 |     5 |     3 ||    10
  Use: Potion            |     1 |     1 |     1 ||     3
       Scroll            |       |     4 |     1 ||     5
 Stab: Sleeping          |     4 |    16 |     1 ||    21
       Distracted        |     1 |     1 |     1 ||     3
Armor: Skin              |     6 |       |       ||     6
Dodge: Dodged            |    58 |    47 |    12 ||   117
Block: Buckler           |     1 |    15 |     3 ||    19
